 Dungeon Crawl Stone Soup version 0.30-a0-457-g4b7bca3bfa (webtiles) character file.

Game seed: 14554358471185425648

507 NinjaNoafa the Changer (level 7, 0/66 HPs)
             Began as an Ogre Transmuter on Dec 14, 2022.
             Slain by an orc wizard
             ... wielding a +0 dagger
              (1 damage)
             ... on level 4 of the Dungeon.
             The game lasted 00:08:43 (4637 turns).

NinjaNoafa the Changer (Ogre Transmuter)            Turns: 4637, Time: 00:08:44

Health: 0/66       AC:  3    Str: 13    XL:     7   Next: 18%
Magic:  11/11      EV: 10    Int: 16    God:
Gold:   211        SH:  0    Dex:  9    Spells: 9/12 levels left

rFire   . . .      SeeInvis .      - Unarmed
rCold   . . .      Faith    .    (no shield)
rNeg    . . .      Spirit   .    q - +0 robe {Will+}
rPois   .          Reflect  .    (helmet currently unavailable)
rElec   .          Harm     .    (no cloak)
rCorr   .          Rampage  .    (gloves unavailable)
Will    +....                    (boots unavailable)
Stlth   +.........               (no amulet)
HPRegen 0.31/turn                (no ring)
MPRegen 0.12/turn                (no ring)

@: appendages
A: horns 2, talons 2, large, unfitting armour, tough skin 1, weak 1
a: End Transformation


You were on level 4 of the Dungeon.
You had temporarily grown beastly horns and talons.
You visited 1 branch of the dungeon, and saw 4 of its levels.

You collected 211 gold pieces.

Inventory:

Missiles
 a - 4 boomerangs
 f - 33 stones
 p - 2 poisoned darts (quivered)
Armour
 q - a +0 robe of willpower (worn)
Scrolls
 b - a scroll of butterflies {unknown}
 c - 2 scrolls of identify {unknown}
 i - 2 scrolls of fog {unknown}
 j - 2 scrolls of blinking
 k - a scroll of fear {unknown}
 n - 3 scrolls of enchant armour {unknown}
 o - a scroll of amnesia {unknown}
 r - a scroll of teleportation {unknown}
 s - a scroll of torment {unknown}
 t - a scroll of immolation {unknown}
Potions
 d - a potion of cancellation
 e - 3 potions of might
 l - a potion of brilliance {unknown}
 m - a potion of flight


   Skills:
 + Level 2.7 Fighting
 - Level 0.2 Throwing
 + Level 2.5 Dodging
 + Level 3.2 Unarmed Combat
 - Level 3.0 Spellcasting
 + Level 5.9 Transmutations


You had 9 spell levels left.
You knew the following spells:

 Your Spells              Type           Power      Damage    Failure   Level
a - Beastly Appendage     Tmut           42%        N/A       1%          1
b - Wereblood             Tmut           21%        N/A       2%          2

Your spell library contained the following spells:

 Spells                   Type           Power      Damage    Failure   Level
 Spider Form              Tmut/Pois      11%        N/A       17%         3
 Kiss of Death            Conj/Necr      8%         2d6       19%         1
 Confusing Touch          Hex            2%         N/A       50%         3
 Ice Form                 Ice/Tmut       11%        N/A       50%         4
 Dispel Undead            Necr           2%         3d7       88%         4


Dungeon Overview and Level Annotations

Branches:
Dungeon (4/15)
 Temple: D:4-7

Altars:
Makhleb
Vehumet
Xom

Annotations:
D:2 1 runed translucent door, Crazy Yiuf
D:3 Ijyb


Innate Abilities, Weirdness & Mutations

You have temporarily grown beastly horns and talons.
You are too large for most types of armour.
You have tough skin. (AC +1)
You are weak. (Str -2)


Message History

The hobgoblin attacks as you move away!
The hobgoblin hits you but does no damage.
The hobgoblin attacks as you move away! The hobgoblin barely misses you.
You aren't carrying any items that you can evoke.
Unknown command.
Casting: Wereblood (safe; 2% risk of failure)
Confirm with . or Enter, or press ? or * to list all spells.
You grow a pair of large bovine horns.
Your feet morph into talons.
The hobgoblin barely misses you.
You hit the hobgoblin. Your kick misses the hobgoblin.
The hobgoblin is moderately wounded.
The hobgoblin closely misses you.
You hit the hobgoblin.
You kill the hobgoblin!
The orc hits you with a +0 flail.
* * * LOW HITPOINT WARNING * * *
You closely miss the orc. Your kick misses the orc.
The orc is severely wounded.
The orc closely misses you. Something hits you.
* * * LOW HITPOINT WARNING * * *
You hit the orc.
The orc is almost dead.
The orc hits you with a +0 flail.
* * * LOW HITPOINT WARNING * * *
Something hits you but does no damage.
You hit the orc.
You kill the orc!
Something hits you.
* * * LOW HITPOINT WARNING * * *
You miss something.
You hear some strange, mumbled words.
A puff of flame appears from out of thin air!
The puff of flame hits you.
* * * LOW HITPOINT WARNING * * *
It was a potion of mutation.
You feel extremely strange.
You feel weaker.
An orc wizard appears from thin air!
Reactivating autopickup.
The orc wizard hits you with a +0 dagger.
You die...

####...######'####.............#.
..##...###......##.............##
...#............#..............##
...#.....o......#...<.........†#.
...#............#.............†'.
..##...###########.............#.
..##...##..##...##....###########
..##............##########....###
...............o@........#.......
...............).........#.......
)........................#.......
#################################


You could see an orc wizard.

Vanquished Creatures
  Duvessa (D:4)
  Dowan (D:4)
  A crimson imp (D:4)
  3 orc priests (D:3)
  Natasha (twice) (D:3)
  2 orc wizards (D:3)
  4 adders
  2 worms
  11 orcs
  3 endoplasms
  7 giant cockroaches
  9 goblins
  6 hobgoblins
  4 jackals (D:2)
  4 quokkas
  9 ball pythons
  2 bats
  3 frilled lizards (D:1)
  9 kobolds
  5 rats
88 creatures vanquished.

Notes
Turn   | Place    | Note
-------+----------+-------------------------------------------
     0 | D:1      | NinjaNoafa the Ogre Transmuter began the quest for the Orb.
     0 | D:1      | Reached XP level 1. HP: 19/19 MP: 3/3
   163 | D:1      | Reached skill level 2 in Transmutations
   229 | D:1      | Reached XP level 2. HP: 27/27 MP: 3/5
   900 | D:2      | Found a runed translucent door.
   901 | D:2      | Noticed Crazy Yiuf
  1016 | D:2      | Reached skill level 3 in Transmutations
  1016 | D:2      | Reached XP level 3. HP: 32/33 MP: 4/6
  1054 | D:2      | Found a shimmering altar of Xom.
  1737 | D:3      | Noticed Natasha
  1747 | D:3      | Killed Natasha
  1748 | D:3      | Reached skill level 4 in Transmutations
  1748 | D:3      | Reached XP level 4. HP: 22/41 MP: 7/7
  2114 | D:3      | Reached XP level 5. HP: 27/48 MP: 6/8
  2119 | D:3      | Reached skill level 5 in Transmutations
  2263 | D:3      | Identified the +5 war axe "Arraow" {vorpal, Contam SInv
                  | Stlth+}
  2414 | D:3      | Noticed Ijyb
  2434 | D:2      | Learned a level 2 spell: Wereblood
  3048 | D:3      | Reached XP level 6. HP: 26/55 MP: 7/9
  3227 | D:3      | Noticed Natasha
  3235 | D:3      | Killed Natasha
  3849 | D:4      | Noticed Dowan
  3871 | D:4      | Killed Dowan
  4088 | D:4      | Found a burning altar of Makhleb.
  4089 | D:4      | Found a radiant altar of Vehumet.
  4169 | D:4      | Noticed Duvessa
  4184 | D:4      | Killed Duvessa
  4185 | D:4      | Reached XP level 7. HP: 7/66 MP: 11/11
  4567 | D:4      | HP: 2/66 [orc/+0 flail (5)]
  4635 | D:4      | HP: 3/66 [something (3)]
  4636 | D:4      | HP: 1/66 [something/puff of flame (3)]
  4637 | D:4      | Gained mutation: You are weak. (Str -2) [potion of
                  | mutation]
  4637 | D:4      | Slain by an orc wizard

Illustrated notes

Levels and vault maps discovered:
D:1:      minmay_arrival_stair_chambers, layout_basic,
          minmay_misc_feat_four_crosses
D:2:      layout_loops_cross, basic_altar, grunt_decor_cap,
          uniq_crazy_yiuf_cottage
D:3:      kennysheep_the_goblin_king, layout_loops_ring, kennysheep_crisscross,
          supply_closet_lemuel, uniq_natasha
D:4:      nicolae_BIG_FREAKIN_CUBE, layout_gridville,
          grunt_temple_overflow_lords_of_destruction, uniq_duvessa, uniq_ijyb

Skill      XL: |  1  2  3  4  5  6 |
---------------+-------------------+-----
Transmutations | 2 3 4 5 |  5.9
Fighting       | 2 |  2.7
Dodging        | 2 |  2.5
Unarmed Combat | 3 |  3.2
Spellcasting   | 3 |  3.0
Throwing       | |  0.2

Action                   |  1- 3 |  4- 6 |  7- 9 || total
-------------------------+-------+-------+-------++-------
Melee: Dagger            |    73 |    35 |       ||   108
       Headbutt          |    15 |    19 |     2 ||    36
       Unarmed           |     4 |    98 |    33 ||   135
       Kick              |    18 |    23 |     5 ||    46
       Punch             |     2 |     2 |       ||     4
Throw: Boomerang         |       |    15 |       ||    15
       Dart              |       |     4 |     2 ||     6
 Cast: Beastly Appendage |    24 |    19 |     3 ||    46
       Wereblood         |       |     7 |     1 ||     8
  Use: Potion            |       |     7 |     1 ||     8
       Scroll            |       |       |     1 ||     1
Armor: Robe              |    24 |    39 |     9 ||    72
       Skin              |       |     6 |       ||     6
Dodge: Dodged            |    30 |    61 |    27 ||   118

Table legend: (Time is in decaauts)
 A = Elapsed time spent in this place.
 B = Non-inter-level travel time spent in this place.
 C = Inter-level travel time spent in this place.
 D = Time resting spent in this place.
 E = Time spent auto-exploring this place.
 F = Levels seen in this place.
 G = Mean time per level.
                   A        B        C        D        E       F      G
               +--------+--------+--------+--------+--------+-----+--------+
         Total |   4634 |   4317 |    317 |    114 |   3447 |   4 | 1158.5 |
       Dungeon |   4634 |   4317 |    317 |    114 |   3447 |   4 | 1158.5 |
               +--------+--------+--------+--------+--------+-----+--------+

Top non-repeatable levels by time:
     D:2: 1380 daAuts
     D:3: 1334 daAuts
     D:4: 1084 daAuts
     D:1: 835 daAuts
